 Dungeon Crawl Stone Soup version 0.31.0-11-ge490571c62 (webtiles) character file.

Game seed: 2120891070209856394

844 Ofeo the Shooter (level 8, -2/63 HPs)
             Began as a Barachi Hunter on Jan 27, 2024.
             Slain by an ice beast (8 damage)
             ... on level 5 of the Dungeon.
             The game lasted 00:05:34 (5171 turns).

Ofeo the Shooter (Barachi Hunter)                   Turns: 5171, Time: 00:05:35

Health: -2/63      AC:  3    Str: 12    XL:     8   Next: 0%
Magic:  8/8        EV: 14    Int: 10    God:
Gold:   67         SH:  0    Dex: 18    Spells: 7/7 levels left

rFire   . . .        a - +0 shortbow
rCold   . . .        (shield currently unavailable)
rNeg    . . .        c - +0 leather armour
rPois   .            (no helmet)
rElec   .            (no cloak)
rCorr   .            (no gloves)
SInv    .            (no boots)
Will    .....        (no amulet)
Stlth   +++          (no ring)
HPRegen 0.30/turn    (no ring)
MPRegen 0.11/turn

%: no passive effects
@: slow
A: amphibious, slowness 1, strong legs 1, +LOS
a: Hop


You were on level 5 of the Dungeon.
You visited 1 branch of the dungeon, and saw 5 of its levels.

You collected 172 gold pieces.
You spent 105 gold pieces at shops.

Inventory:

Hand Weapons
 a - a +0 shortbow (weapon)
Armour
 c - a +0 leather armour (worn)
Scrolls
 d - a scroll of torment
 e - a scroll of fog
 f - 3 scrolls of teleportation {@r3}
 i - 2 scrolls of identify {@r1}
 j - a scroll of revelation
 k - 2 scrolls of blinking {@r4}
 l - a scroll of enchant weapon {unknown}
Potions
 g - a potion of cancellation
 h - a potion of heal wounds {@q2}
 n - a potion of mutation
 q - 3 potions of curing {@q1}


   Skills:
 - Level 5.5 Fighting
 + Level 6.2 Ranged Weapons
 - Level 5.0 Dodging
 - Level 4.0 Stealth


You had 7 spell levels left.
You didn't know any spells.
Your spell library contained the following spells:

 Spells                   Type           Power      Damage    Failure   Level
 Ozocubu's Armour         Ice            0%         N/A       82%         3
 Metabolic Englaciation   Hex/Ice        0%         N/A       100%        5
 Summon Forest            Summ/Tloc      0%         N/A       100%        5
 Eringya's Noxious Bog    Alch           0%         4d6       100%        6
 Sculpt Simulacrum        Ice/Alch       0%         N/A       100%        6
 Summon Hydra             Summ           0%         N/A       100%        7
 Chain Lightning          Conj/Air       0%         N/A       100%        9
 Fire Storm               Conj/Fire      0%         5d1       100%        9
 Shatter                  Erth           0%         3d5*      100%        9


Dungeon Overview and Level Annotations

Branches:
Dungeon (5/15)
 Temple: D:4-7

Altars:
Qazlal

Shops:
D:4 ?*((

Annotations:
D:5 Ijyb


Innate Abilities, Weirdness & Mutations

You are amphibious.
You cover ground slowly.
You can hop short distances.
You have an extended range of vision and can be seen from far away.


Message History

You take 14 damage, and have 34/63 hp.
MASSIVE DAMAGE!!
You shoot an arrow. The arrow hits the ice beast.
The ice beast is heavily wounded.
The ice beast closely misses you.
You shoot an arrow. The arrow closely misses the ice beast.
The arrow hits Ijyb.
Ijyb is heavily wounded.
The ice beast closely misses you.
You shoot an arrow. The arrow hits the ice beast.
The ice beast is heavily wounded.
The ice beast hits you but does no damage.
You shoot an arrow. The arrow hits the ice beast.
The ice beast is severely wounded.
The ice beast hits you. The ice beast freezes you.
You take 5 damage, and have 30/63 hp.
You shoot an arrow.
The arrow hits the ice beast but does no damage.
The ice beast is severely wounded.
The ice beast hits you. The ice beast freezes you.
You take 7 damage, and have 23/63 hp.
You shoot an arrow. The arrow hits the ice beast.
The ice beast is almost dead.
The ice beast hits you. The ice beast freezes you!
* * * LOW HITPOINT WARNING * * *
You take 10 damage, and have 13/63 hp.
You shoot an arrow.
The arrow hits the ice beast but does no damage.
The ice beast is almost dead.
The ice beast hits you but does no damage.
The ice beast hits you.
* * * LOW HITPOINT WARNING * * *
The ice beast freezes you.
* * * LOW HITPOINT WARNING * * *
You take 6 damage, and have 7/63 hp.
You shoot an arrow.
The arrow completely misses the ice beast.
The arrow barely misses Ijyb.
The ice beast hits you.
* * * LOW HITPOINT WARNING * * *
The ice beast freezes you!
You die...

#.#######.............###.###
#.# #..†..........###.##. #.#
#.................##.
#.########....##############.
#............................
#############....###.###########
................................
.###############################
#...☼°○○.gY@°..§°☼☼○........
#...○°○§§###################
#<..☼☼°..# ######.### ....
###... #.... #..... .......


You could see an ice beast and Ijyb.

Vanquished Creatures
  Menkaure (D:5)
  An ogre (D:5)
  A scorpion (D:4)
  3 bombardier beetles
  A gnoll bouda (D:4)
  A sleepcap (D:4)
  3 hounds
  An iguana (D:5)
  An orc wizard (D:5)
  4 gnolls (D:4)
  7 adders
  A shadow imp (D:5)
  2 ufetubi (D:4)
  4 dart slugs
  5 ribbon worms
  10 orcs
  7 endoplasms
  13 giant cockroaches
  11 goblins
  12 hobgoblins
  9 jackals
  3 quokkas
  6 ball pythons
  7 bats
  A frilled lizard (D:3)
  8 kobolds
  10 rats
133 creatures vanquished.

Notes
Turn   | Place    | Note
-------+----------+-------------------------------------------
     0 | D:1      | Ofeo the Barachi Hunter began the quest for the Orb.
     0 | D:1      | Reached XP level 1. HP: 17/17 MP: 1/1
    60 | D:1      | Reached skill level 1 in Stealth
   135 | D:1      | Reached XP level 2. HP: 19/23 MP: 2/2
   303 | D:1      | Reached XP level 3. HP: 27/28 MP: 3/3
   352 | D:1      | Found a faded altar of an unknown god.
  1357 | D:2      | Reached XP level 4. HP: 35/35 MP: 4/4
  1745 | D:3      | Reached XP level 5. HP: 42/42 MP: 5/5
  2542 | D:4      | Found Isif's Weapon Shoppe.
  2542 | D:4      | Found Jys Jeru's Weapon Shoppe.
  2546 | D:4      | Found Xeocw's Assorted Antiques.
  2561 | D:4      | Reached skill level 5 in Ranged Weapons
  2561 | D:4      | Reached XP level 6. HP: 45/48 MP: 6/6
  2563 | D:4      | Found Liniafesm's Magic Scroll Shoppe.
  2788 | D:4      | Found a stormy altar of Qazlal.
  3115 | D:4      | Bought a scroll of blinking for 105 gold pieces
  3567 | D:4      | Reached XP level 7. HP: 11/55 MP: 7/7
  3914 | D:5      | Entered Level 5 of the Dungeon
  4148 | D:5      | Reached skill level 5 in Fighting
  4907 | D:5      | Noticed Menkaure
  4918 | D:5      | Killed Menkaure
  4919 | D:5      | Reached skill level 5 in Dodging
  4982 | D:5      | Reached skill level 6 in Ranged Weapons
  5055 | D:5      | Reached XP level 8. HP: 63/63 MP: 8/8
  5133 | D:5      | Noticed Ijyb
  5171 | D:5      | Slain by an ice beast

Illustrated notes

Levels and vault maps discovered:
D:1:      amcnicky_arrival_blooded_trapdoor, layout_loops_corners,
          shapermc_ecumenical_altar_flowoftime
D:2:      layout_rooms, st_stairs_11, minmay_crystal_water
D:3:      minmay_roachtagon, layout_rooms, grunt_decor_mini_mirrors
D:4:      layout_basic, mainiacjoe_overflow_brackets, minmay_shop_grid_forest
D:5:      layout_basic, uniq_menkaure, uniq_ijyb

Skill      XL: |  1  2  3  4  5  6  7 |
---------------+----------------------+-----
Stealth        | 1 2 3 4 |  4.0
Fighting       | 3 4 5 |  5.5
Dodging        | 3 4 5 |  5.0
Ranged Weapons | 5 6 |  6.2

Action                     |  1- 3 |  4- 6 |  7- 9 || total
---------------------------+-------+-------+-------++-------
   Fire: Shortbow          |   128 |   274 |   144 ||   546
Ability: Hop               |       |     2 |     1 ||     3
    Use: Scroll            |       |    12 |     1 ||    13
 Armour: Leather armour    |    30 |    54 |    53 ||   137
  Dodge: Dodged            |    50 |    63 |    57 ||   170
